 Dungeon Crawl Stone Soup version 0.31-a0-182-gc5ef74bbde (webtiles) character file.

Game seed: 6361717108920740060

35 porpoise the Cutter (level 3, -5/22 HPs)
             Began as a Tengu Gladiator on June 21, 2023.
             Killed from afar by an orc wizard (12 damage)
             ... with a puff of flame
             ... on level 2 of the Dungeon.
             The game lasted 00:04:15 (1254 turns).

porpoise the Cutter (Tengu Gladiator)               Turns: 1254, Time: 00:04:16

Health: -5/22      AC:  3    Str: 14    XL:     3   Next: 33%
Magic:  13/13      EV: 13    Int:  8    God:
Gold:   89         SH:  0    Dex: 17    Spells: 2/2 levels left

rFire   . . .        a - +0 rapier
rCold   . . .        (no shield)
rNeg    . . .        q - +0 leather armour
rPois   .            c - +0 hat
rElec   .            (no cloak)
rCorr   +            (no gloves)
SInv    .            (boots unavailable)
Will    .....        (no amulet)
Stlth   +            m - ring of resist corrosion
HPRegen 0.23/turn    g - ring of magical power
MPRegen 0.13/turn

%: no passive effects
@: confused
A: beak, talons 3
a: no special abilities


You were on level 2 of the Dungeon.
You visited 1 branch of the dungeon, and saw 2 of its levels.

You collected 89 gold pieces.

Inventory:

Hand Weapons
 a - a +0 rapier (weapon)
 b - a +0 sling
 k - a +0 scimitar
Missiles
 d - 3 throwing nets (quivered)
 e - a javelin
 l - 5 poisoned darts
 s - 3 curare-tipped darts
Armour
 c - a +0 hat (worn)
 p - a +0 buckler
 q - a +0 leather armour (worn)
Jewellery
 g - a ring of magical power (right hand)
 m - a ring of resist corrosion (left hand)
Scrolls
 f - a scroll of amnesia
 n - a scroll of fear {unknown}
 r - a scroll of noise {unknown}
Potions
 h - a potion of lignification {unknown}
 i - a potion of cancellation {unknown}
 j - a potion of mutation {unknown}
 o - a potion of heal wounds
 t - a potion of curing {unknown}


   Skills:
 + Level 2.4 Fighting
 * Level 4.1 Short Blades
 - Level 2.0 Throwing
 - Level 3.2 Dodging
 + Level 1.3 Stealth


You had 2 spell levels left.
You didn't know any spells.
Your spell library contained the following spells:

 Spells                   Type           Power      Damage    Failure   Level
 Sublimation of Blood     Necr           0%         N/A       63%         2
 Wereblood                Tmut           0%         N/A       63%         2
 Summon Hydra             Summ           0%         N/A       100%        7


Dungeon Overview and Level Annotations

Branches:
Dungeon (2/15)

Altars:
Ru


Innate Abilities, Weirdness & Mutations

You have a beak for a mouth.
You have claws for feet.


Message History

The orc shouts!
The orc wizard hits you with a +0 spear.
Items here: $ ) [ †.
You hit the orc wizard.
You peck the orc wizard, but do no damage.
The orc wizard is heavily wounded.
The orc wizard misses you.
You hit the orc wizard. Your kick misses the orc wizard.
The orc wizard is almost dead.
The orc wizard hits you with a +0 spear.
* * * LOW HITPOINT WARNING * * *
The orc closely misses you.
You hit the orc wizard but do no damage.
Your kick misses the orc wizard. Your peck misses the orc wizard.
The orc wizard is almost dead.
The orc hits you with a +0 flail.
* * * LOW HITPOINT WARNING * * *
The orc wizard casts a spell.
The orc wizard flickers and vanishes!
Deactivating autopickup; reactivate with Ctrl-A.
It was a potion of heal wounds.
You feel much better. The orc hits you with a +0 flail. Something hits you.
You barely miss the orc. You peck the orc.
The orc is lightly wounded.
Something hits you but does no damage. The orc closely misses you.
You puncture the orc!
You kill the orc!
You hear some strange, mumbled words.
You are confused.
You bump into the rock wall.
Something hits you. Something hits you. Something hits you.
Things that are here:
a +0 flail; 11 gold pieces You're too confused to move!
You hear some strange, mumbled words.
A puff of flame appears from out of thin air!
The puff of flame hits you!
Ouch! That really hurt!
You die...

.... ..###.# #..... #
..##.### ......
#.##...... #.#..
#....##.# #
#...#######....##.####
#.#.....#....##.......#
#.#....#.##.##.##†##..
#.....#.##.##.##.#
##..@).[##.......#
#..{########.#### #...#
#.## ## #...# #..### #.
#...#########.#.###.
.................##.
............##.#.....
.............##.#.###.
o..######.##.#.# #.


There were no monsters in sight!

Vanquished Creatures
  A dart slug (D:1)
  4 orcs (D:2)
  A ball python (D:2)
  2 giant cockroaches
  2 goblins (D:1)
  6 hobgoblins (D:1)
  3 jackals (D:1)
  A quokka (D:1)
  A frilled lizard (D:2)
  2 kobolds (D:1)
  A rat (D:1)
24 creatures vanquished.

Notes
Turn   | Place    | Note
-------+----------+-------------------------------------------
     0 | D:1      | porpoise the Tengu Gladiator began the quest for the Orb.
     0 | D:1      | Reached XP level 1. HP: 12/12 MP: 2/2
   146 | D:1      | Reached XP level 2. HP: 17/17 MP: 3/3
   411 | D:1      | Reached skill level 1 in Stealth
   962 | D:2      | Reached XP level 3. HP: 22/22 MP: 4/4
  1020 | D:2      | Reached skill level 4 in Short Blades
  1219 | D:2      | Found a sacrificial altar of Ru.
  1247 | D:2      | HP: 1/22 [orc/+0 flail (3)]
  1254 | D:2      | Killed from afar by an orc wizard

Illustrated notes

Levels and vault maps discovered:
D:1:      tarquinn_simple_flora_water_c, layout_loops_ring, minmay_tromino_v2
D:2:      layout_loops_cross, basic_altar, kennysheep_generic_room_7

Skill      XL: |  1  2  3 |
---------------+----------+-----
Stealth        | 1 |  1.3
Short Blades   | 4 |  4.1
Fighting       | |  2.4
Throwing       | |  2.0
Dodging        | |  3.2

Action                     || total
---------------------------++-------
  Melee: Rapier            ||    47
         Kick              ||    10
         Peck              ||     6
   Fire: Sling             ||     2
    Use: Scroll            ||     1
         Potion            ||     1
   Stab: Sleeping          ||     2
 Armour: Leather armour    ||     6
  Dodge: Dodged            ||    21

Table legend: (Time is in decaauts)
 A = Elapsed time spent in this place.
 B = Non-inter-level travel time spent in this place.
 C = Inter-level travel time spent in this place.
 D = Time resting spent in this place.
 E = Time spent auto-exploring this place.
 F = Levels seen in this place.
 G = Mean time per level.
                   A        B        C        D        E       F      G
               +--------+--------+--------+--------+--------+-----+--------+
         Total |   1252 |   1189 |     63 |    129 |    853 |   2 |  626.0 |
       Dungeon |   1252 |   1189 |     63 |    129 |    853 |   2 |  626.0 |
               +--------+--------+--------+--------+--------+-----+--------+

Top non-repeatable levels by time:
     D:1: 1000 daAuts
     D:2: 251 daAuts
